NCAA
UTAH UTES @ VIRGINIA TECH HOKIES
04/04/2027
 
TOP OF THE 1ST
Utah Utes batting - Pitching for Virginia Tech Hokies : RHP Don Ramsey
Pitching: RHP Don Ramsey
Batting: RHB Larry Storms 0-0: Ball
1-0: Ball
2-0: SINGLE (Groundball, 56D)
Batting: SHB John May 0-0: Called Strike
0-1: Foul Ball, location: 2F
0-2: Strikes out swinging
Batting: SHB Ramón Velázquez 0-0: Ball
Larry Storms steals 2nd base
1-0: Swinging Strike
1-1: Ball
2-1: Swinging Strike
2-2: Strikes out swinging
Batting: RHB Randy Banks 0-0: Ball
1-0: Called Strike
1-1: Ground out 5-3 (Groundball, 5S)
Top of the 1st over - 0 run(s), 1 hit(s), 0 error(s), 1 left on base; Utah 0 - Virginia Tech 0
BOTTOM OF THE 1ST
Virginia Tech Hokies batting - Pitching for Utah Utes : RHP Albert Scott
Pitching: RHP Albert Scott
Batting: RHB Francisco Medina 0-0: Ball
1-0: Ball
2-0: Called Strike
2-1: Ball
3-1: Ground out 6-3 (Groundball, 6MD)
Batting: RHB Clay Smith 0-0: Called Strike
0-1: Ground out 5-3 (Groundball, 56)
Batting: RHB Elliott Short 0-0: Ball
1-0: Foul Ball, location: 2F
1-1: Foul Ball, location: 2F
1-2: Strikes out swinging
Bottom of the 1st over - 0 run(s), 0 hit(s), 0 error(s), 0 left on base; Utah 0 - Virginia Tech 0
TOP OF THE 2ND
Utah Utes batting - Pitching for Virginia Tech Hokies : RHP Don Ramsey
Batting: SHB Glenn Hinton 0-0: Called Strike
0-1: Ball
1-1: Called Strike
1-2: SINGLE (Groundball, 6D)
Batting: LHB Robby Bland 0-0: Called Strike
0-1: Ball
1-1: Fly out, F9 (Flyball, 89M)
Batting: SHB Carlos Mesa 0-0: Called Strike
0-1: Foul Ball, location: 2F
0-2: Strikes out swinging
Batting: RHB Rafael Cardenas 0-0: Called Strike
0-1: Foul Ball, location: 2F
0-2: Strikes out swinging
Top of the 2nd over - 0 run(s), 1 hit(s), 0 error(s), 1 left on base; Utah 0 - Virginia Tech 0
BOTTOM OF THE 2ND
Virginia Tech Hokies batting - Pitching for Utah Utes : RHP Albert Scott
Batting: RHB Eric Clay 0-0: Swinging Strike
0-1: Called Strike
0-2: Fly out, F8 (Flyball, 8LM)
Batting: RHB Lawrence Ware 0-0: Ball
1-0: Foul Ball, location: 2F
1-1: Called Strike
1-2: Foul Ball, location: 2F
1-2: Ball
2-2: Foul Ball, location: 2F
2-2: DOUBLE (Line Drive, 89D)
Batting: RHB Rob Fleming 0-0: Fly out, F7 (Flyball, 7S)
Batting: RHB Matt Jenkins 0-0: Ball
1-0: Foul Ball, location: 2F
1-1: Ground out 5-3 (Groundball, 56S)
Bottom of the 2nd over - 0 run(s), 1 hit(s), 0 error(s), 1 left on base; Utah 0 - Virginia Tech 0
TOP OF THE 3RD
Utah Utes batting - Pitching for Virginia Tech Hokies : RHP Don Ramsey
Batting: SHB Jeff Mann 0-0: Ball
1-0: SINGLE (Groundball, 34D)
Batting: RHB Larry Storms 0-0: Ball
1-0: Swinging Strike
1-1: Foul Ball, location: 2F
1-2: Foul Ball, location: 2F
1-2: Ball
2-2: Strikes out swinging
Batting: SHB John May 0-0: Called Strike
0-1: Foul Ball, location: 2F
0-2: Ball
1-2: Strikes out swinging
Batting: SHB Ramón Velázquez 0-0: Ball
1-0: Called Strike
Jeff Mann steals 2nd base
1-1: Ball
2-1: Ball
3-1: Base on Balls
Batting: RHB Randy Banks 0-0: Swinging Strike
0-1: SINGLE (Line Drive, 56D)
Jeff Mann to third
Ramón Velázquez to second
Runner from 3rd tries for Home, SAFE, throw made at trailing runner, SAFE at third!
Batting: SHB Glenn Hinton 0-0: Called Strike
0-1: Called Strike
0-2: Ball
1-2: Foul Ball, location: 2F
1-2: Ground out U3 (Groundball, 3)
Top of the 3rd over - 1 run(s), 2 hit(s), 0 error(s), 2 left on base; Utah 1 - Virginia Tech 0
BOTTOM OF THE 3RD
Virginia Tech Hokies batting - Pitching for Utah Utes : RHP Albert Scott
Batting: RHB Nathan Taylor 0-0: Called Strike
0-1: Ball
1-1: Fly out, F8 (Flyball, 8LD)
Batting: RHB Dusty Green 0-0: Swinging Strike
0-1: Ball
1-1: Foul Ball, location: 2F
1-2: Ball
2-2: Fly out, F6 (Line Drive, 6)
Batting: RHB Francisco Medina 0-0: SINGLE (Flyball, 34D)
Batting: RHB Clay Smith 0-0: Ball
1-0: Ball
2-0: Swinging Strike
2-1: 2-RUN HOME RUN (Flyball, 7D), Distance : 371 ft
Batting: RHB Elliott Short 0-0: Ball
1-0: Ball
2-0: Called Strike
2-1: Ball
3-1: Base on Balls
Batting: RHB Eric Clay 0-0: Called Strike
0-1: Ball
1-1: Foul Ball, location: 2F
1-2: Fly out, F4 (Line Drive, 4)
Bottom of the 3rd over - 2 run(s), 2 hit(s), 0 error(s), 1 left on base; Utah 1 - Virginia Tech 2
TOP OF THE 4TH
Utah Utes batting - Pitching for Virginia Tech Hokies : RHP Don Ramsey
Batting: LHB Robby Bland 0-0: Ball
1-0: Swinging Strike
1-1: Swinging Strike
1-2: Ball
2-2: Strikes out swinging
Batting: SHB Carlos Mesa 0-0: Ground out 4-3 (Groundball, 4)
Batting: RHB Rafael Cardenas 0-0: Called Strike
0-1: Called Strike
0-2: Ball
1-2: Ball
2-2: Foul Ball, location: 2F
2-2: Strikes out swinging
Top of the 4th over - 0 run(s), 0 hit(s), 0 error(s), 0 left on base; Utah 1 - Virginia Tech 2
BOTTOM OF THE 4TH
Virginia Tech Hokies batting - Pitching for Utah Utes : RHP Albert Scott
Batting: RHB Lawrence Ware 0-0: Called Strike
0-1: Foul Ball, location: 2F
0-2: Ball
1-2: Foul Ball, location: 2F
1-2: Foul Ball, location: 2F
1-2: Ball
2-2: Fly out, F6 (Flyball, 56D)
Batting: RHB Rob Fleming 0-0: Ball
1-0: Called Strike
1-1: SINGLE (Flyball, 78S)
Batting: RHB Matt Jenkins 0-0: Called Strike
0-1: Ball
1-1: Ball
2-1: SINGLE (Line Drive, 9LS)
Rob Fleming to second
Batting: RHB Nathan Taylor 0-0: Ball
1-0: Foul Ball, location: 2F
1-1: Grounds into double play, 5-4-3 (Groundball, 56)
Bottom of the 4th over - 0 run(s), 2 hit(s), 0 error(s), 1 left on base; Utah 1 - Virginia Tech 2
TOP OF THE 5TH
Utah Utes batting - Pitching for Virginia Tech Hokies : RHP Don Ramsey
Batting: SHB Jeff Mann 0-0: Ball
1-0: Called Strike
1-1: Foul Ball, location: 2F
1-2: Ball
2-2: Strikes out looking
Batting: RHB Larry Storms 0-0: Ball
1-0: Ball
2-0: SINGLE (Line Drive, 7S)
Batting: SHB John May 0-0: Ball
1-0: SINGLE (Flyball, 8LS)
Larry Storms to second
Batting: SHB Ramón Velázquez 0-0: Ball
1-0: Fielders Choice at 2nd, 1-6 (Groundball, 13S)
Larry Storms to third
Batting: RHB Randy Banks 0-0: Called Strike
0-1: Swinging Strike
0-2: Ball
1-2: Strikes out swinging
Top of the 5th over - 0 run(s), 2 hit(s), 0 error(s), 2 left on base; Utah 1 - Virginia Tech 2
BOTTOM OF THE 5TH
Virginia Tech Hokies batting - Pitching for Utah Utes : RHP Albert Scott
Batting: RHB Dusty Green 0-0: Ball
1-0: Ball
2-0: Fly out, F8 (Flyball, 8RM)
Batting: RHB Francisco Medina 0-0: Ball
1-0: Ball
2-0: Swinging Strike
2-1: Ball
3-1: Base on Balls
Batting: RHB Clay Smith 0-0: Ball
1-0: Ball
2-0: Foul Ball, location: 2F
2-1: SINGLE (Flyball, 9LS)
Francisco Medina to second
Runner from 2nd tries for 3rd, SAFE, no throw
Batting: RHB Elliott Short 0-0: Ball
1-0: Fly out, F2 (Popup, 2L)
Batting: RHB Eric Clay Balk!
Francisco Medina scores
Clay Smith to second
0-0: Ball
1-0: Ball
2-0: Called Strike
2-1: Called Strike
2-2: Ground out 6-3 (Groundball, 56)
Bottom of the 5th over - 1 run(s), 1 hit(s), 0 error(s), 1 left on base; Utah 1 - Virginia Tech 3
TOP OF THE 6TH
Utah Utes batting - Pitching for Virginia Tech Hokies : RHP Don Ramsey
Batting: SHB Glenn Hinton 0-0: Ball
1-0: Ball
2-0: Foul Ball, location: 2F
2-1: Ball
3-1: Foul Ball, location: 2F
3-2: Foul Ball, location: 2F
3-2: SOLO HOME RUN (Flyball, 9D), Distance : 358 ft
Pitching: RHP John Arnold
Batting: LHB Robby Bland 0-0: SINGLE (Flyball, 89S)
Batting: SHB Carlos Mesa 0-0: Ball
1-0: Ball
2-0: Called Strike
2-1: Ball
3-1: Base on Balls
Robby Bland to second
Batting: RHB Rafael Cardenas 0-0: Ball
1-0: Foul Ball, location: 2F
1-1: Ball
2-1: Ball
3-1: Called Strike
3-2: Base on Balls
Robby Bland to third
Carlos Mesa to second
Batting: SHB Jeff Mann 0-0: Called Strike
0-1: Ball
1-1: Foul Ball, location: 2F
1-2: Ball
2-2: Foul Ball, location: 2F
2-2: SINGLE (Line Drive, 9S)
Robby Bland scores
Carlos Mesa to third
Rafael Cardenas to second
Runner from 3rd tries for Home, SAFE, no throw
Pitching: RHP Russ Underwood
Batting: RHB Larry Storms 0-0: Ball
1-0: Foul Ball, location: 2F
1-1: Foul Ball, location: 2F
Balk!
Rafael Cardenas to third
Jeff Mann to second
1-2: SINGLE (Groundball, 6MD)
Rafael Cardenas scores
Jeff Mann to third
Batting: SHB John May 0-0: Ball
1-0: SINGLE (Groundball, 5D)
Jeff Mann scores
Larry Storms to second
Batting: SHB Ramón Velázquez 0-0: Foul Ball, location: 2F
0-1: Foul Ball, location: 2F
0-2: Strikes out swinging
Batting: RHB Randy Banks 0-0: Ball
1-0: Called Strike
1-1: Called Strike
1-2: Strikes out swinging
Batting: SHB Glenn Hinton 0-0: Fly out, F8 (Flyball, 8LM)
Top of the 6th over - 5 run(s), 5 hit(s), 0 error(s), 2 left on base; Utah 6 - Virginia Tech 3
BOTTOM OF THE 6TH
Virginia Tech Hokies batting - Pitching for Utah Utes : RHP Albert Scott
Pitching: LHP Craig Melton
Batting: RHB Lawrence Ware 0-0: Called Strike
0-1: Ground out 5-3 (Groundball, 56)
Batting: RHB Rob Fleming 0-0: Ball
1-0: Ball
2-0: Called Strike
2-1: SINGLE (Flyball, 8LS)
Batting: RHB Matt Jenkins Pickoff Throw to First - Error! E1
Rob Fleming to second
0-0: Ball
1-0: Ball
2-0: Called Strike
2-1: Foul Ball, location: 2F
2-2: Strikes out swinging
Batting: RHB Nathan Taylor 0-0: SINGLE (Groundball, 56D)
Rob Fleming to third
Runner from 3rd tries for Home, SAFE, no throw
Batting: RHB Dusty Green 0-0: Ball
1-0: Ball
2-0: Ball
3-0: Called Strike
3-1: Fly out, F8 (Line Drive, 8RM)
Bottom of the 6th over - 1 run(s), 2 hit(s), 1 error(s), 1 left on base; Utah 6 - Virginia Tech 4
TOP OF THE 7TH
Utah Utes batting - Pitching for Virginia Tech Hokies : RHP Russ Underwood
Batting: LHB Robby Bland 0-0: Ball
1-0: SOLO HOME RUN (Flyball, 7D), Distance : 350 ft
Batting: SHB Carlos Mesa 0-0: Called Strike
0-1: Ball
1-1: SINGLE (Line Drive, 7S)
Batting: RHB Rafael Cardenas 0-0: Bunt missed!
0-1: Sac Bunt - play at first, batter OUT! 1-4
Carlos Mesa to second
Batting: SHB Jeff Mann 0-0: Ball
1-0: Ball
2-0: Swinging Strike
2-1: Called Strike
2-2: Strikes out swinging
Batting: RHB Larry Storms 0-0: Ball
1-0: Called Strike
1-1: Called Strike
1-2: Foul Ball, location: 2F
1-2: Ground out 6-3 (Groundball, 6S)
Top of the 7th over - 1 run(s), 2 hit(s), 0 error(s), 1 left on base; Utah 7 - Virginia Tech 4
BOTTOM OF THE 7TH
Virginia Tech Hokies batting - Pitching for Utah Utes : LHP Craig Melton
Batting: RHB Francisco Medina 0-0: Ball
1-0: Ball
2-0: Ball
3-0: Called Strike
3-1: Base on Balls
Batting: RHB Clay Smith 0-0: Ball
1-0: SINGLE (Groundball, 56D)
Francisco Medina to second
Batting: RHB Elliott Short 0-0: Called Strike
0-1: Called Strike
0-2: Ball
1-2: Foul Ball, location: 2F
1-2: Foul Ball, location: 2F
1-2: Ball
2-2: Grounds into double play, 5-4-3 (Groundball, 56)
Francisco Medina to third
Batting: RHB Eric Clay 0-0: Foul Ball, location: 2F
0-1: Ground out 3-1 (Groundball, 34)
Bottom of the 7th over - 0 run(s), 1 hit(s), 0 error(s), 1 left on base; Utah 7 - Virginia Tech 4
TOP OF THE 8TH
Utah Utes batting - Pitching for Virginia Tech Hokies : RHP Russ Underwood
Batting: SHB John May 0-0: Ball
1-0: SINGLE (Flyball, 7S)
Batting: SHB Ramón Velázquez 0-0: Ground out 4-3 (Groundball, 34D)
John May to second
Batting: RHB Randy Banks 0-0: Foul Ball, location: 2F
0-1: Foul Ball, location: 2F
0-2: Strikes out looking
Batting: SHB Glenn Hinton 0-0: Ball
Wild Pitch!
John May to third
1-0: SINGLE (Groundball, 6D)
John May scores
Pitching: RHP John O'Neill
Batting: LHB Robby Bland 0-0: Called Strike
0-1: Fly out, F9 (Flyball, 89S)
Top of the 8th over - 1 run(s), 2 hit(s), 0 error(s), 1 left on base; Utah 8 - Virginia Tech 4
BOTTOM OF THE 8TH
Virginia Tech Hokies batting - Pitching for Utah Utes : LHP Craig Melton
Batting: RHB Lawrence Ware 0-0: Ball
1-0: Swinging Strike
1-1: Ball
2-1: Ball
3-1: Base on Balls
Batting: RHB Rob Fleming 0-0: Ball
1-0: Foul Ball, location: 2F
1-1: Grounds into double play, 5-4-3 (Groundball, 56)
Batting: RHB Matt Jenkins 0-0: SINGLE (Line Drive, 7S)
Batting: RHB Nathan Taylor 0-0: Ball
1-0: Called Strike
1-1: Ball
2-1: Ball
3-1: Fielders Choice at 2nd, 6-4 (Groundball, 6)
Bottom of the 8th over - 0 run(s), 1 hit(s), 0 error(s), 0 left on base; Utah 8 - Virginia Tech 4
TOP OF THE 9TH
Utah Utes batting - Pitching for Virginia Tech Hokies : RHP John O'Neill
Batting: SHB Carlos Mesa 0-0: Ball
1-0: Called Strike
1-1: Swinging Strike
1-2: Ball
2-2: Ball
3-2: Foul Ball, location: 2F
3-2: Ground out 5-3 (Groundball, 5L)
Batting: RHB Rafael Cardenas 0-0: Called Strike
0-1: Foul Ball, location: 2F
0-2: Strikes out swinging
Batting: SHB Jeff Mann 0-0: Called Strike
0-1: Called Strike
0-2: Ball
1-2: Foul Ball, location: 2F
1-2: Ball
2-2: Ball
3-2: Base on Balls
Batting: RHB Larry Storms 0-0: Called Strike
0-1: Ball
1-1: Ball
2-1: Foul Ball, location: 2F
2-2: Strikes out swinging
Top of the 9th over - 0 run(s), 0 hit(s), 0 error(s), 1 left on base; Utah 8 - Virginia Tech 4
BOTTOM OF THE 9TH
Virginia Tech Hokies batting - Pitching for Utah Utes : LHP Craig Melton
Batting: RHB Dusty Green 0-0: Called Strike
0-1: Swinging Strike
0-2: Fly out, F8 (Line Drive, 8RS)
Pitching: RHP Mike Dunn
Batting: RHB Francisco Medina 0-0: Called Strike
0-1: Called Strike
0-2: Ball
1-2: Ball
2-2: Ball
3-2: Strikes out swinging
Batting: RHB Clay Smith 0-0: Swinging Strike
0-1: Called Strike
0-2: Ball
1-2: Strikes out swinging
Bottom of the 9th over - 0 run(s), 0 hit(s), 0 error(s), 0 left on base; Utah 8 - Virginia Tech 4
Thursday, March 30th, 2017 - OOTP Baseball 17.12 Build 75